 Dungeon Sprint DCSS version 0.31-a0-920-g28cbb04a8c (webtiles) character file.

Game seed: 12737497206919250523

18 sircluck the Ruffian (level 2, -5/31 HPs)
             Began as a Troll Berserker on Oct 17, 2023.
             Was a Priest of Trog.
             Slain by a wolf (7 damage)
             ... while paralysed by a floating eye
             ... in the Dungeon (Sprint VII: "The Pits").
             The game lasted 00:00:15 (138 turns).

sircluck the Ruffian (Troll Berserker)               Turns: 138, Time: 00:00:16

Health: -5/31      AC:  4    Str: 24    XL:     2   Next: 51%
Magic:  1/1        EV:  1    Int:  3    God:    Trog [***...]
Gold:   0          SH:  0    Dex:  9    Spells: 1/1 levels left

rFire   . .          .
                       - Unarmed
rCold   . . .        (no shield)
rNeg    . . .        a - +0 animal skin
rPois   .            (helmet restricted)
rElec   .            (no cloak)
rCorr   .            (gloves unavailable)
SInv    .            (boots unavailable)
Will    .....        (no amulet)
Stlth   +            (no ring)
HPRegen 1.05/turn    (no ring)
MPRegen 0.07/turn

%: no teleportation
@: paralysed
A: large, unfitting armour, claws 3, regeneration 1, shaggy fur 1, tough skin 1
a: Renounce Religion, Berserk, Trog's Hand


You were in the Dungeon.
You worshipped Trog.
Trog was most pleased with you.
You visited 1 branch

Inventory:

Armour
 a - a +0 animal skin (worn)
Scrolls
 g - a scroll of blinking
 i - 2 scrolls of vulnerability
 j - a scroll of butterflies
Potions
 b - 6 potions of curing
 c - 6 potions of heal wounds
 d - a potion of haste
 e - 4 potions of magic
 f - 3 potions of berserk rage
 h - 2 potions of invisibility


   Skills:
 + Level 3.4 Fighting
 + Level 3.4 Dodging
 + Level 4.2 Unarmed Combat


You had one spell level left.
You didn't know any spells.
Your spell library was empty.

Dungeon Overview and Level Annotations

Branches:
Dungeon (1/1)

Altars:
Ashenzari
Cheibriados
Dithmenos
Elyvilon
Fedhas
Gozag
Hepliaklqana
Kikubaaqudgha
Makhleb
Nemelex Xobeh
Okawaru
Qazlal
Ru
Sif Muna
Trog
Uskayaw
Vehumet
Wu Jian
Xom
Yredelemnul
Zin
The Shining One
Jiyva
Lugonu


Innate Abilities, Weirdness & Mutations

You are too large for most types of armour.
You have claws for hands.
Your natural rate of healing is unusually fast.
You are covered in fur. (AC +1)
You have tough skin. (AC +1)


Message History

You hear a shout! x2
The floating eye turns its gaze towards you.
There are monsters nearby!
There are monsters nearby!
There are monsters nearby!
There are monsters nearby!
There are monsters nearby!
There are monsters nearby!
There are monsters nearby!
The wolf bites you but does no damage. The wolf attacks as it pursues you!
The wolf bites you. x2
There is an open door here.
You claw the wolf!
The wolf is heavily wounded.
The wolf stops to sniff the ground.
The wolf bites you. The wolf bites you but does no damage.
You closely miss the wolf. Your claw misses the wolf.
The wolf is heavily wounded.
The wolf bites you but does no damage.
You miss the wolf.
The wolf is heavily wounded.
The wolf bites you but does no damage. The wolf closely misses you.
You miss the wolf.
The wolf is heavily wounded.
The wolf bites you!
The floating eye's stare focuses on you.
You scratch the wolf but do no damage.
The wolf is heavily wounded.
The wolf bites you! The wolf bites you.
* * * LOW HITPOINT WARNING * * *
You closely miss the wolf.
The wolf is heavily wounded.
The wolf bites you but does no damage.
The floating eye gazes piercingly through you!
You suddenly lose the ability to move!
The wolf bites you but does no damage. The wolf bites you!
* * * LOW HITPOINT WARNING * * *
The floating eye seems to glare at you. The wolf bites you!
You die...

############
#_________.#
#_________.#
#_______...#######
##########'##.....
#.?(.')))'.##.....
##########.##.....
#...........'.....
#@#####†#####.....
#h#..#.....##.....
#b#))#####†#####'#
#G#))#...†.##.....
#.#))#.....##.....
#.#[[###'####.....
#.##'#.)...##...<.
#.#........##.....
#.#........##.....


You could see a wolf, a floating eye (charged) and a bat.

Vanquished Creatures
  A river rat (D)
  An orc (D)
  A ball python (D)
  A bat zombie (D)
  A quokka (D)
  A ball python skeleton (D)
  A bat (D)
  A giant cockroach zombie (D)
  A rat (D)
9 creatures vanquished.

Notes
Turn   | Place    | Note
-------+----------+-------------------------------------------
     0 | D        | sircluck the Troll Berserker began the quest for the Orb.
     0 | D        | Reached XP level 1. HP: 22/22 MP: 0/0
    18 | D        | Found a bloodstained altar of Trog.
    18 | D        | Found a shimmering blue altar of Sif Muna.
    18 | D        | Found a viscous altar of Jiyva.
    18 | D        | Found a hazy altar of Hepliaklqana.
    18 | D        | Found an opulent altar of Gozag.
    19 | D        | Found a glowing golden altar of the Shining One.
    19 | D        | Found a glowing silver altar of Zin.
    19 | D        | Found a basalt altar of Yredelemnul.
    19 | D        | Found a shimmering altar of Xom.
    19 | D        | Found an ornate altar of the Wu Jian Council.
    19 | D        | Found a sacrificial altar of Ru.
    19 | D        | Found a stormy altar of Qazlal.
    19 | D        | Found an iron altar of Okawaru.
    19 | D        | Found a sparkling altar of Nemelex Xobeh.
    19 | D        | Found a burning altar of Makhleb.
    19 | D        | Found a blossoming altar of Fedhas.
    19 | D        | Found a white marble altar of Elyvilon.
    19 | D        | Found a shadowy altar of Dithmenos.
    19 | D        | Found a snail-covered altar of Cheibriados.
    22 | D        | Found a corrupted altar of Lugonu.
    22 | D        | Found a radiant altar of Vehumet.
    23 | D        | Found an ancient bone altar of Kikubaaqudgha.
    23 | D        | Found a hide-covered altar of Uskayaw.
    23 | D        | Found a broken altar of Ashenzari.
    60 | D        | Reached ** piety under Trog
    74 | D        | Reached *** piety under Trog
    75 | D        | Reached skill level 4 in Unarmed Combat
    75 | D        | Reached XP level 2. HP: 31/31 MP: 1/1
   122 | D        | Noticed a wolf
   122 | D        | Noticed a floating eye
   136 | D        | Paralysed by a floating eye for 2 turns
   137 | D        | HP: 1/31 [wolf (8)]
   138 | D        | Slain by a wolf

Illustrated notes

Levels and vault maps discovered:
D:        pitsprint [storerooms_1, entrance_room_1, metal_vault_6, armoury_3,
          mini_pit_1, grid_room_1, main_hall_1, silver_pit, the_coven_1,
          the_vestibule_1, steel_vault_2, golden_pit, hallway_of_sentries,
          crystal_vault_1, iron_vault_3, final_vault]

Skill      XL: |  1 |
---------------+----+-----
Fighting       | 3 |  3.4
Dodging        | 3 |  3.4
Unarmed Combat | 4 |  4.2

Action                     || total
---------------------------++-------
  Melee: Unarmed           ||    19
         Punch             ||     1
 Armour: Animal skin       ||    22
  Dodge: Dodged            ||     4

Table legend: (Time is in decaauts)
 A = Elapsed time spent in this place.
 B = Non-inter-level travel time spent in this place.
 C = Inter-level travel time spent in this place.
 D = Time resting spent in this place.
 E = Time spent auto-exploring this place.
 F = Levels seen in this place.
 G = Mean time per level.
                   A        B        C        D        E       F      G
               +--------+--------+--------+--------+--------+-----+--------+
         Total |    136 |    136 |      0 |      0 |     69 |   1 |  136.0 |
       Dungeon |    136 |    136 |      0 |      0 |     69 |   1 |  136.0 |
               +--------+--------+--------+--------+--------+-----+--------+

Top non-repeatable levels by time:
       D: 136 daAuts
